 Dungeon Crawl Stone Soup version 0.30.1-9-gdf580d7c3d (webtiles) character file.

Game seed: 6556380626157933202

1262 boopmooplesden the Cruncher (level 8, -3/68 HPs)
             Began as a Minotaur Gladiator on Oct 14, 2023.
             Was a Believer of Okawaru.
             Slain by an orc
             ... wielding a +0 flail
              (7 damage)
             ... on level 5 of the Dungeon.
             The game lasted 00:05:30 (3958 turns).

boopmooplesden the Cruncher (Minotaur Gladiator)    Turns: 3958, Time: 00:05:30

Health: -3/68      AC:  8    Str: 20    XL:     8   Next: 27%
Magic:  7/7        EV: 13    Int:  5    God:    Okawaru [**....]
Gold:   235        SH:  0    Dex: 13    Spells: 7/7 levels left

rFire   . . .        a - +1 quarterstaff
rCold   + . .        (shield currently unavailable)
rNeg    + . .        b - +0 leather armour
rPois   .            c - +1 hat
rElec   .            (no cloak)
rCorr   .            p - +0 pair of gloves
SInv    .            e - +2 pair of boots
Will    .....        (no amulet)
Stlth   +            o - ring of positive energy
HPRegen 0.31/turn    s - ring of protection from cold
MPRegen 0.10/turn

%: no passive effects
@: confused, about to teleport
A: horns 2, retaliatory headbutt
a: Renounce Religion, Heroism


You were on level 5 of the Dungeon.
You worshipped Okawaru.
Okawaru was pleased with you.
You visited 2 branches of the dungeon, and saw 6 of its levels.

You collected 235 gold pieces.

Inventory:

Hand Weapons
 a - a +1 quarterstaff (weapon)
Missiles
 A - a javelin (quivered)
Armour
 b - a +0 leather armour (worn)
 c - a +1 hat (worn)
 e - a +2 pair of boots (worn)
 h - a +0 ring mail
 p - a +0 pair of gloves (worn)
Jewellery
 o - a ring of positive energy (left hand)
 s - a ring of protection from cold (right hand)
 w - a ring of fire
Wands
 d - a wand of paralysis (1)
 f - a wand of light (10)
Scrolls
 n - a scroll of fog
 t - a scroll of teleportation
 x - a scroll of fear {unknown}
 y - a scroll of enchant weapon
Potions
 g - 2 potions of attraction {unknown}
 i - a potion of curing
 j - a potion of cancellation {unknown}
 k - a potion of flight
 l - a potion of might
 q - a potion of magic
 r - 3 potions of haste {unknown}
 u - a potion of degeneration {unknown}
 v - a potion of mutation {unknown}
 z - a potion of brilliance {unknown}


   Skills:
 + Level 5.3 Fighting
 + Level 9.3 Staves
 + Level 2.5 Throwing
 + Level 3.9 Armour
 + Level 5.0 Dodging
 + Level 1.6 Stealth


You had 7 spell levels left.
You didn't know any spells.
Your spell library contained the following spells:

 Spells                   Type           Power      Damage    Failure   Level
 Stone Arrow              Conj/Erth      0%         3d7       88%         3
 Fireball                 Conj/Fire      0%         3d3       100%        5
 Iskenderun's Battlesphe  Conj           0%         2d6       100%        5
 Conjure Ball Lightning   Conj/Air       0%         3x3d6     100%        6
 Orb of Destruction       Conj           0%         9d5       100%        7
 Lehudib's Crystal Spear  Conj/Erth      0%         10d2      100%        8
 Animate Armour           Summ/Erth      Unusable   N/A       N/A         4

Dungeon Overview and Level Annotations

Branches:
Dungeon (5/15)             Temple (1/1) D:4

Altars:
Ashenzari
Dithmenos
Elyvilon
Fedhas
Hepliaklqana
Kikubaaqudgha
Makhleb
Nemelex Xobeh
Okawaru
Qazlal
Sif Muna
Trog
Uskayaw
Vehumet
Yredelemnul
Zin
The Shining One


Innate Abilities, Weirdness & Mutations

You have a pair of horns on your head.
You reflexively headbutt those who attack you in melee.


Message History

Something tries to affect you, but you resist.
You hit something but do no damage. You headbutt something! You sock something!
Okawaru accepts your kill.
Reactivating autopickup.
You feel a bit more experienced.
You hear some strange, mumbled words.
A magic dart appears from out of thin air!
Deactivating autopickup; reactivate with Ctrl-A.
The magic dart hits you but does no damage.
The iguana bites you. The gnoll hits you with a +0 whip.
* * * LOW HITPOINT WARNING * * *
You closely miss the gnoll.
The gnoll is almost dead.
The orc priest hits you with a +0 dagger.
* * * LOW HITPOINT WARNING * * *
Something hits you but does no damage.
The iguana hisses menacingly.
The iguana bites you.
* * * LOW HITPOINT WARNING * * *
The gnoll closely misses you. The orc closely misses you.
You furiously retaliate!
You headbutt the orc, but do no damage.
As you read the scroll of teleportation, it crumbles to dust.
You feel strangely unstable. Something hits you.
* * * LOW HITPOINT WARNING * * *
The orc priest barely misses you. You furiously retaliate!
You headbutt the orc priest, but do no damage.
The iguana barely misses you. The orc hits you with a +0 flail.
* * * LOW HITPOINT WARNING * * *
The gnoll barely misses you.
You feel better.
The orc priest invokes the aid of Beogh against you.
Beogh smites you!
* * * LOW HITPOINT WARNING * * *
The iguana bites you!
* * * LOW HITPOINT WARNING * * *
You hear some strange, mumbled words.
You are confused.
The orc hits you with a +0 flail!
You die...

..................#
................#.### ..
#...............#.......
##......................
#......#........####...
##.....###......###..# #
##....).............# .#
##...........l{g...#..
###.##......#@o....#
###.#....##o##...#...
#......##.oo........
#.........#.........
#.........#....#..#.
##..................
###.......###......
###..#.# ...... #####
......


You could see an iguana, an orc priest, a gnoll and 3 orcs.

Vanquished Creatures
  Sigmund (D:2)
  A water moccasin (D:4)
  An ogre (D:5)
  8 scorpions
  An orc priest (D:4)
  3 hounds (D:4)
  A jelly (D:4)
  2 iguanas (D:4)
  Ijyb (D:3)
  2 orc wizards (D:5)
  Robin (D:2)
  A gnoll (D:5)
  7 adders
  A dart slug (D:1)
  11 orcs
  7 endoplasms
  3 giant cockroaches
  8 hobgoblins
  3 kobolds
  5 quokkas
  9 ball pythons
  6 bats
  5 frilled lizards
  17 goblins
  2 rats
107 creatures vanquished.

Notes
Turn   | Place    | Note
-------+----------+-------------------------------------------
     0 | D:1      | boopmooplesden the Minotaur Gladiator began the quest for
                  | the Orb.
     0 | D:1      | Reached XP level 1. HP: 18/18 MP: 0/0
   158 | D:1      | Reached XP level 2. HP: 25/25 MP: 1/1
   293 | D:1      | Reached skill level 4 in Staves
   333 | D:1      | Reached XP level 3. HP: 25/30 MP: 2/2
   857 | D:2      | Noticed Robin
   874 | D:2      | Killed Robin
   883 | D:2      | Reached skill level 1 in Armour
   883 | D:2      | Reached XP level 4. HP: 11/38 MP: 3/3
  1320 | D:2      | Noticed Sigmund
  1336 | D:2      | Killed Sigmund
  1337 | D:2      | Reached skill level 5 in Staves
  1337 | D:2      | Reached XP level 5. HP: 9/46 MP: 4/4
  1678 | D:3      | Found a white marble altar of Elyvilon.
  1969 | D:3      | Noticed Ijyb
  1972 | D:3      | Paralysed by Ijyb for 2 turns
  1976 | D:3      | Paralysed by Ijyb for 3 turns
  1992 | D:3      | Killed Ijyb
  1993 | D:3      | Reached skill level 6 in Staves
  1993 | D:3      | Reached XP level 6. HP: 47/52 MP: 5/5
  2219 | D:4      | Found a staircase to the Ecumenical Temple.
  2382 | D:4      | Reached skill level 1 in Stealth
  2389 | Temple   | Entered the Ecumenical Temple
  2442 | Temple   | Became a worshipper of Warmaster Okawaru
  2513 | D:4      | Reached skill level 7 in Staves
  2513 | D:4      | Reached XP level 7. HP: 36/59 MP: 6/6
  2796 | D:4      | Reached * piety under Okawaru
  3141 | D:4      | Reached skill level 8 in Staves
  3170 | D:4      | Found a burning altar of Makhleb.
  3171 | D:4      | Found a sparkling altar of Nemelex Xobeh.
  3176 | D:4      | Found a bloodstained altar of Trog.
  3445 | D:4      | Reached skill level 5 in Fighting
  3610 | D:5      | Entered Level 5 of the Dungeon
  3624 | D:5      | Reached XP level 8. HP: 57/68 MP: 7/7
  3711 | D:5      | Reached ** piety under Okawaru
  3712 | D:5      | Reached skill level 9 in Staves
  3806 | D:5      | Reached skill level 5 in Dodging
  3958 | D:5      | Slain by an orc

Illustrated notes

Levels and vault maps discovered:
D:1:      dpeg_arrival_boxes_within_box, layout_basic
D:2:      cheibrodos_helix_gallery, layout_basic, uniq_sigmund, uniq_robin
D:3:      layout_rooms, elyvilon_altar_3, saegor_snake_ambush, uniq_ijyb
D:4:      old_forge, layout_loops_corners, minitemple,
          minmay_temple_entry_junction_2
D:5:      layout_cave_pools
Temple:   dshaligram_water_room_temple

Skill      XL: |  1  2  3  4  5  6  7  8 |
---------------+-------------------------+-----
Staves         | 4 5 6 7 8 9 |  9.3
Fighting       | 3 4 5 |  5.3
Dodging        | 4 5 |  5.0
Armour         | 1 2 3 |  3.9
Stealth        | 1 |  1.6
Throwing       | |  2.5

Action                     |  1- 3 |  4- 6 |  7- 9 || total
---------------------------+-------+-------+-------++-------
  Melee: Quarterstaff      |    61 |    60 |   126 ||   247
         Headbutt          |     9 |     9 |    21 ||    39
  Throw: Throwing net      |       |     3 |     1 ||     4
         Javelin           |       |       |     1 ||     1
    Use: Potion            |       |     2 |     1 ||     3
         Scroll            |       |     9 |     2 ||    11
   Stab: Held in net/web   |       |     1 |       ||     1
         Sleeping          |       |       |     1 ||     1
 Armour: Leather armour    |    18 |    10 |    38 ||    66
  Dodge: Dodged            |    50 |    33 |    94 ||   177
